 Dungeon Crawl Stone Soup version 0.23-a0-536-g5e0f5a2 (webtiles) character file.

42 MisterFreud the Chucker (level 3, -4/33 HPs)
             Began as a Troll Hunter on Dec 6, 2018.
             Killed from afar by Sigmund (9 damage)
             ... with a magic dart
             ... on level 2 of the Dungeon.
             The game lasted 00:02:04 (995 turns).

MisterFreud the Chucker (Troll Hunter)               Turns: 995, Time: 00:02:05

Health: -4/33      AC:  6    Str: 21    XL:     3   Next: 33%
Magic:  2/2        EV: 10    Int:  7    God:
Gold:   90         SH:  0    Dex: 10    Spells: 2/2 levels left

rFire    . . .     SeeInvis .     - Unarmed
rCold    . . .     Gourm    +   (no shield)
rNeg     . . .     Faith    .   b - +1 robe
rPois    .         Spirit   .   (helmet restricted)
rElec    .         Reflect  .   (no cloak)
rCorr    .         Harm     .   (gloves unavailable)
MR       .....                  (boots unavailable)
Stlth    +.........             k - amulet of the acrobat
HPRegen  0.51/turn              (no ring)
MPRegen  0.08/turn              (no ring)

@: no status effects
A: large, unfitting armour, claws 3, fast metabolism 3, gourmand, regeneration
1, shaggy fur 1, tough skin 2
a: no special abilities


You were on level 2 of the Dungeon.
You were very full.

You visited 1 branch of the dungeon, and saw 2 of its levels.

You collected 90 gold pieces.

Inventory:

Missiles
 a - 81 stones (quivered)
 d - 2 throwing nets
Armour
 b - a +1 robe (worn)
Jewellery
 k - an amulet of the acrobat (around neck)
Scrolls
 j - a scroll of remove curse
Potions
 e - a potion of degeneration {unknown}
 g - a potion of brilliance {unknown}
 i - a potion of curing {unknown}
 l - a potion of might {unknown}
Comestibles
 f - 6 rations


   Skills:
 - Level 1.5 Fighting
 - Level 3.6 Throwing
 - Level 1.5 Dodging
 - Level 0.3 Stealth
 + Level 3.1 Unarmed Combat


You had 2 spell levels left.
You didn't know any spells.
Your spell library was empty.

Dungeon Overview and Level Annotations

Branches:
Dungeon (2/15)

Altars:

Annotations:
D:2 Sigmund


Innate Abilities, Weirdness & Mutations

You are too large for most types of armour.
You have claws for hands.
Your metabolism is lightning-fast.
You like to eat raw meat.
Your natural rate of healing is unusually fast.
You are covered in fur. (AC +1)
You have very tough skin. (AC +2)


Message History

Aim: Sigmund, wielding a +2 scythe of slicing and wearing a +0 robe (severely You throw a large rock.
The large rock hits Sigmund.
Sigmund is severely wounded.
Sigmund completely misses you.
Throwing (i - inventory. (/) - cycle)
a - 83 stones (quivered)
Press: ? - help, Shift-Dir - straight line, f/p - Sigmund
Aim: Sigmund, wielding a +2 scythe of slicing and wearing a +0 robe (severely You throw a stone.
The stone barely misses Sigmund.
Sigmund gestures at you while chanting. The puff of flame hits you!
Sigmund hits you from afar with a +2 scythe of slicing.
* * * LOW HITPOINT WARNING * * *
x2 Throwing (i - inventory. (/) - cycle)
a - 82 stones (quivered)
Press: ? - help, Shift-Dir - straight line, f/p - Sigmund
Aim: Sigmund, wielding a +2 scythe of slicing and wearing a +0 robe (severely You throw a stone.
The stone hits Sigmund.
Sigmund is almost dead.
Sigmund points at you and mumbles some strange words.
The magic dart hits you!
You die...

#.....#.##...# ###'###
#.....#.##...# #......
#.....#.##...###......
#.....#.##...'.'......
########.....#.##...###......
#......#.....#.##...# #......
#.####.###'###....### #.....)
#.# #.# #@######.# #......
####.####.###.†@...#.#
#......
#......##..........#.#
#......
#.##.#.#############.#
#...... # #.#...............#
#.###############.# ..# ###
###


You could see Sigmund.

Vanquished Creatures
  2 worms (D:2)
  2 dart slugs
  A leopard gecko (D:1)
  3 bats
  A giant cockroach (D:2)
  4 hobgoblins
  3 jackals (D:1)
  3 frilled lizards (D:1)
  2 goblins
  3 kobolds (D:1)
  7 rats
31 creatures vanquished.

Notes
Turn   | Place    | Note
-------+----------+-------------------------------------------
     0 | D:1      | MisterFreud the Troll Hunter began the quest for the Orb.
     0 | D:1      | Reached XP level 1. HP: 19/19 MP: 0/0
    60 | D:1      | Reached skill level 1 in Unarmed Combat
   125 | D:1      | Reached XP level 2. HP: 27/27 MP: 1/1
   731 | D:2      | Reached XP level 3. HP: 33/33 MP: 2/2
   970 | D:2      | Noticed Sigmund
   995 | D:2      | Killed from afar by Sigmund

Vault maps used:
D:1:      giann_forest_graveyard
D:2:      uniq_sigmund, uniq_jessica

Skill      XL: |  1  2  3 |
---------------+----------+-----
Unarmed Combat | 1 2 3 |  3.1
Fighting       | |  1.5
Throwing       | |  3.6
Dodging        | |  1.5
Stealth        | |  0.3

Action                   || total
-------------------------++-------
Melee: Unarmed           ||    98
Throw: Large rock        ||     5
       Stone             ||     2
  Use: Scroll            ||     4
 Stab: Sleeping          ||     1
  Eat: Chunk             ||    14
Armor: Robe              ||    28
Dodge: Dodged            ||    69

Table legend:
 A = Non-vault XP
 B = Vault XP
 C = Vault XP percentage of total XP
 D = Non-vault monster count
 E = Vault monster count
 F = Vault count percentage of total count
                 A         B        C        D         E       F
            +---------+---------+-------+---------+---------+-------
      Total |      60 |       0 |   0.0 |      31 |       0 |   0.0
            +---------+---------+-------+---------+---------+-------
        D:1 |      33 |       0 |   0.0 |      19 |       0 |   0.0
        D:2 |      27 |       0 |   0.0 |      12 |       0 |   0.0
            +---------+---------+-------+---------+---------+-------
